 Dungeon Crawl Stone Soup version 0.26-a0-651-gb41185065b (webtiles) character file.

Game seed: 196520617061863484

(classic levelgen) 155 EnegeticOcto the Sneak (level 5, -4/46 HPs)
             Began as a Deep Dwarf Delver on Oct 23, 2020.
             Slain by an ogre
             ... wielding a +0 giant club
              (26 damage)
             ... on level 6 of the Dungeon.
             The game lasted 00:01:17 (207 turns).

EnegeticOcto the Sneak (Deep Dwarf Delver)           Turns: 207, Time: 00:01:18

Health: -4/46      AC:  3    Str: 15    XL:     5   Next: 14%
Magic:  5/5        EV: 12    Int: 18    God:
Gold:   15         SH:  0    Dex: 14    Spells: 4/4 levels left

rFire    . . .     SeeInvis .   a - +0 hand axe
rCold    . . .     Faith    .   (no shield)
rNeg     . . .     Spirit   .   b - +0 leather armour
rPois    .         Reflect  .   (no helmet)
rElec    .         Harm     .   (no cloak)
rCorr    .         Rampage  .   (no gloves)
MR       .....                  (no boots)
Stlth    +++.......             (no amulet)
HPRegen  0.00/turn              k - +6 ring of intelligence
MPRegen  0.09/turn              (no ring)

@: non-regenerating
A: damage resistance, heal wounds, sense surroundings 1, no regeneration
a: Heal Wounds


You were on level 6 of the Dungeon.
You visited 1 branch of the dungeon, and saw 3 of its levels.

You collected 15 gold pieces.

Inventory:

Hand Weapons
 a - a +0 hand axe (weapon)
Missiles
 j - 7 poisoned darts (quivered)
Armour
 b - a +0 leather armour (worn)
Jewellery
 k - a +6 ring of intelligence (left hand)
Wands
 g - a wand of digging (2) {@v3}
Scrolls
 c - a scroll of fog
 d - a scroll of magic mapping {@r5}
 e - a scroll of fear
 h - a scroll of identify {unknown}
Potions
 f - a potion of haste {@q4}
 i - 2 potions of curing {unknown}


   Skills:
 - Level 2.6 Fighting
 + Level 5.9 Axes
 - Level 2.1 Dodging
 - Level 6.0 Stealth


You had 4 spell levels left.
You didn't know any spells.
Your spell library was empty.

Dungeon Overview and Level Annotations

Branches:
Dungeon (7/15)
 Temple: D:4-7

Altars:

Shops:
D:6 :

Annotations:
D:6 1 transporter
D:7 Prince Ribbit


Innate Abilities, Weirdness & Mutations

You are resistant to damage.
You can heal yourself by infusing magical energy.
You passively map a small area around you.
You do not regenerate.


Message History

The ogre is lightly wounded.
Throwing (i - inventory)
j - 7 poisoned darts (quivered)
Press: ? - help, Shift-Dir - straight line, f - worker ant, p - ogre
Aim: a worker ant You throw a poisoned dart.
The poisoned dart hits the worker ant.
The worker ant is poisoned.
Throwing (i - inventory)
j - 6 poisoned darts (quivered)
Press: ? - help, Shift-Dir - straight line, f/p - worker ant
Aim: a worker ant (lightly wounded, poisoned)
You throw a poisoned dart.
The poisoned dart barely misses the worker ant.
The ogre barely misses you. The worker ant bites you.
You hit the ogre but do no damage.
The ogre is moderately wounded.
You barely miss the worker ant. The worker ant bites you.
You are poisoned.
The worker ant poisons you! The ogre closely misses you.
You slash the ogre!
The ogre is heavily wounded.
You hit the worker ant. The worker ant bites you.
The ogre hits you with a +0 giant club!
* * * LOW HITPOINT WARNING * * *
You feel much better.
You kill the worker ant!
You have reached level 4!
You feel clever.
You hit the ogre.
The ogre is severely wounded.
The ogre looks more healthy.
The ogre closely misses you.
You barely miss the ogre.
The ogre is severely wounded.
The ogre hits you with a +0 giant club!
You hit the ogre.
The ogre is severely wounded.
The ogre barely misses you.
You completely miss the ogre.
The ogre is severely wounded.
The ogre misses you.
You hit the ogre.
The ogre is almost dead.
You hit the ogre but do no damage.
The ogre is almost dead.
The ogre misses you.
You hit the ogre.
You kill the ogre!
Your Axes skill increases to level 5!
You have reached level 5!
Things that are here:
a +0 giant club; an ogre corpse
j - 6 poisoned darts (gained 1)
j - 7 poisoned darts (gained 1)
i - 2 black potions (gained 1)
j - 8 poisoned darts (gained 1)
You are no longer poisoned.
k - a cabochon ring
j - 9 poisoned darts (gained 1)
You feel clever.
k - a +6 ring of intelligence (left hand)
You open the door.
Found Qapraf's Book Boutique.
There is an open door here.
There is an entrance to Qapraf's Book Boutique here.
There is an open door here.
There is a stone staircase leading down here.
You climb downwards.
Level annotation: Prince Ribbit 3 jackals and a scorpion come into view.
Found a pair of boots and 18 gold pieces.
There is a stone staircase leading up here.
As you read the scroll of magic mapping {@r5}, it crumbles to dust.
You feel aware of your surroundings.
Unknown command.
You climb upwards.
Level annotation: 1 transporter
There is a stone staircase leading down here.
An ogre comes into view. It is wielding a +0 giant club.
Found 4 gold pieces.
The ogre shouts!
You hear a shout!
Throwing (i - inventory)
j - 9 poisoned darts (quivered)
Press: ? - help, Shift-Dir - straight line, f - ogre
Aim: an ogre, wielding a +0 giant club You throw a poisoned dart.
The poisoned dart hits the ogre.
The ogre is poisoned.
Throwing (i - inventory)
j - 8 poisoned darts (quivered)
Press: ? - help, Shift-Dir - straight line, f/p - ogre
Aim: an ogre, wielding a +0 giant club (poisoned)
You throw a poisoned dart. The poisoned dart hits the ogre.
You hit the ogre.
The ogre is lightly wounded.
The ogre barely misses you.
You hit the ogre.
The ogre is moderately wounded.
The ogre hits you with a +0 giant club!
You hit the ogre.
The ogre is heavily wounded.
You barely miss the ogre.
The ogre is heavily wounded.
The ogre hits you with a +0 giant club!!
Ouch! That really hurt!
You die...

, * ,, , #°○..○ ,
, ,, +○..$$ , *
+°○.!© * , *, *
+○°.$! , , , , *
,, #°.○○. * * *
*,* ,###, , #.°☼○°
* #, ,,..#* *
#Y°..°
.####'####.#######
*
....((O@..........
.#
......$###.######
#.#.# , .......
#.....# *... .. ,
.######
#####.###.#####
#.......... *
#.......... , ,
#.......... ,
#.......... ,
#.###+#####


You could see an ogre (poisoned).

Vanquished Creatures
  An ogre (D:6)
  A howler monkey (D:6)
  A worker ant (D:6)
  An adder (D:6)
4 creatures vanquished.

Notes
Turn   | Place    | Note
-------+----------+-------------------------------------------
     0 | D:5      | EnegeticOcto the Deep Dwarf Delver began the quest for the
                  | Orb.
     0 | D:5      | Reached XP level 1. HP: 20/20 MP: 1/1
    19 | D:7      | Noticed Prince Ribbit
    26 | D:6      | Found a transporter.
    28 | D:6      | Noticed an ice beast
    28 | D:6      | Noticed an ice beast
    45 | D:6      | Reached XP level 2. HP: 21/27 MP: 2/2
    67 | D:6      | Noticed a howler monkey
    77 | D:6      | Killed a howler monkey
    77 | D:6      | Reached XP level 3. HP: 26/33 MP: 3/3
   129 | D:6      | Noticed an ogre
   137 | D:6      | Reached XP level 4. HP: 40/40 MP: 4/4
   144 | D:6      | Killed an ogre
   144 | D:6      | Reached skill level 5 in Axes
   144 | D:6      | Reached XP level 5. HP: 30/46 MP: 5/5
   168 | D:6      | Found Qapraf's Book Boutique.
   199 | D:6      | Noticed an ogre
   207 | D:6      | Slain by an ogre

Illustrated notes

Levels and vault maps discovered:
D:5:      layout_loops_corners, minmay_temple_entry_mini_moons, chequers_jeans,
          minmay_tree_intersection, cheibrodos_gnoll_hut
D:6:      gammafunk_cloud_chamber, layout_basic, serial_shops, kennysheep_mini
D:7:      layout_cave_pools, kennysheep_minor_cross, uniq_maggie,
          uniq_prince_ribbit1

Skill      XL: |  1  2  3  4 |
---------------+-------------+-----
Axes           | 3 4 5 |  5.9
Fighting       | |  2.6
Dodging        | |  2.1
Stealth        | |  6.0

Action                   |  1- 3 |  4- 6 || total
-------------------------+-------+-------++-------
Melee: Hand axe          |    21 |    11 ||    32
Throw: Dart              |     4 |     2 ||     6
 Abil: Heal Wounds       |     1 |       ||     1
Evoke: Wand              |     1 |       ||     1
  Use: Scroll            |       |     1 ||     1
 Stab: Sleeping          |     1 |       ||     1
Armor: Leather armour    |     3 |       ||     3
Dodge: Dodged            |    15 |     5 ||    20

Table legend: (Time is in decaauts)
 A = Elapsed time spent in this place.
 B = Non-inter-level travel time spent in this place.
 C = Inter-level travel time spent in this place.
 D = Time resting spent in this place.
 E = Time spent auto-exploring this place.
 F = Levels seen in this place.
 G = Mean time per level.
                   A        B        C        D        E       F      G
               +--------+--------+--------+--------+--------+-----+--------+
         Total |    212 |    212 |      0 |      0 |      0 |   3 |   70.7 |
       Dungeon |    212 |    212 |      0 |      0 |      0 |   3 |   70.7 |
               +--------+--------+--------+--------+--------+-----+--------+

Top non-repeatable levels by time:
     D:6: 198 daAuts
     D:7: 10 daAuts
     D:5: 3 daAuts
